 Dungeon Crawl Stone Soup version 0.27.1-1-g398f81649c (webtiles) character file.

Game seed: 10448476239624387809

220 bnorton916 the Conjurer (level 5, -13/28 HPs)
             Began as a Deep Elf Conjurer on Sept 14, 2021.
             Killed from afar by Duvessa (16 damage)
             ... with an iceblast
             ... on level 4 of the Dungeon.
             The game lasted 00:05:23 (3720 turns).

bnorton916 the Conjurer (Deep Elf Conjurer)         Turns: 3720, Time: 00:05:24

Health: -13/28     AC:  2    Str:  4    XL:     5   Next: 64%
Magic:  14/14      EV: 11    Int: 24    God:
Gold:   116        SH:  3    Dex: 13    Spells: 3/14 levels left

rFire    . . .     SeeInvis .   k - +2 short sword (elec)
rCold    . . .     Faith    .   t - +0 buckler
rNeg     . . .     Spirit   .   a - +0 robe
rPois    .         Reflect  .   (no helmet)
rElec    .         Harm     .   (no cloak)
rCorr    .         Rampage  .   (no gloves)
Will     .....                  (no boots)
Stlth    ++........             (no amulet)
HPRegen  0.09/turn              (no ring)
MPRegen  0.14/turn              (no ring)

@: no status effects
A: no striking features
a: no special abilities


You were on level 4 of the Dungeon.
You visited 1 branch of the dungeon, and saw 4 of its levels.

You collected 116 gold pieces.

Inventory:

Hand Weapons
 k - a +2 short sword of electrocution (weapon)
Missiles
 u - a throwing net
 v - 11 poisoned darts
Armour
 a - a +0 robe (worn)
 t - a +0 buckler (worn)
Magical Staves
 f - a staff of poison
 x - a staff of death
Jewellery
 c - a +6 ring of intelligence
 o - a +6 ring of intelligence
 p - a +6 ring of intelligence
Scrolls
 b - 4 scrolls of amnesia {unknown}
 d - a scroll of brand weapon {unknown}
 i - a scroll of identify {unknown}
 j - a scroll of noise {unknown}
 l - a scroll of holy word {unknown}
 m - 2 scrolls of enchant armour {unknown}
 n - a scroll of enchant weapon {unknown}
 r - a scroll of fog {unknown}
 s - a scroll of blinking {unknown}
Potions
 e - a potion of resistance {unknown}
 g - a potion of lignification {unknown}
 h - 2 potions of heal wounds {unknown}
 q - 2 potions of curing {unknown}
 w - a potion of flight {unknown}


   Skills:
 - Level 2.4 Dodging
 - Level 2.4 Stealth
 - Level 5.3 Spellcasting
 - Level 5.8 Conjurations
 + Level 2.3 Hexes
 + Level 1.9 Translocations


You had 3 spell levels left.
You knew the following spells:

 Your Spells              Type           Power      Damage    Failure   Level
a - Magic Dart            Conj           100%       1d8       1%          1
b - Searing Ray           Conj           68%        3d5       1%          2
c - Fulminant Prism       Conj/Hex       13%        3d9       26%         4
d - Iskenderun's Mystic   Conj/Tloc      25%        2d7       28%         4

Your spell library contained the following spells:

 Spells                   Type           Power      Damage    Failure   Level
 Dazzling Flash           Conj/Hex       52%        N/A       8%          3
 Cause Fear               Hex            8%         N/A       47%         4
 Summon Ice Beast         Ice/Summ       6%         N/A       80%         4
 Summon Mana Viper        Hex/Summ       12%        N/A       94%         5
 Yara's Violent Unravell  Hex/Tmut       6%         3d5       94%         5


Dungeon Overview and Level Annotations

Branches:
Dungeon (4/15)
 Temple: D:4-7

Altars:
Dithmenos
Nemelex Xobeh

Annotations:
D:4 Dowan, Duvessa


Message History

Duvessa is nearby!
Throw: 14 darts (poison)
Press: ? - help, Shift-Dir - straight line, f - Duvessa
Aim: Duvessa, wielding a +0 rapier, wearing a +0 leather armour and carrying a wand of iceblast (6) (wandering, hasn't noticed you, 60% to hit)
You throw a poisoned dart. The poisoned dart hits Duvessa.
Duvessa is poisoned.
Duvessa shouts!
Duvessa looks more healthy.
Aiming: Magic Dart (safe; 1% risk of failure)
Press: ? - help, Q - select action, (/) - cycle Shift-Dir - straight line, f/p - Duvessa
Aim: Duvessa, wielding a +0 rapier, wearing a +0 leather armour and carrying a wand of iceblast (6) (moderately wounded, 100% to hit)
Okay, then.
Throw: 13 darts (poison)
Press: ? - help, Shift-Dir - straight line, f/p - Duvessa
Aim: Duvessa, wielding a +0 rapier, wearing a +0 leather armour and carrying a wand of iceblast (6) (moderately wounded, 60% to hit)
You throw a poisoned dart. The poisoned dart hits Duvessa.
Duvessa is moderately wounded.
You aren't carrying any items that you can evoke.
Throw: 12 darts (poison)
Press: ? - help, Shift-Dir - straight line, f/p - Duvessa
Aim: Duvessa, wielding a +0 rapier, wearing a +0 leather armour and carrying a wand of iceblast (6) (moderately wounded, 60% to hit)
You throw a poisoned dart. The poisoned dart hits Duvessa.
Duvessa is poisoned.
Duvessa is moderately wounded.
Duvessa zaps a wand.
The mass of ice explodes!
The iceblast engulfs you!
Ouch! That really hurt!
You hear a shout!
There is an open door here.
You close the door.
You aren't carrying any items that you can evoke.
An adder skeleton comes into view.
There is an open door here.
Which direction?
You close the door.
Duvessa looks more healthy.
You open the door.
Duvessa zaps a wand.
The mass of ice explodes!
The iceblast engulfs you!
* * * LOW HITPOINT WARNING * * *
You hear a shout!
Unknown command.
Duvessa zaps a wand.
The mass of ice explodes!
The iceblast engulfs you!
Ouch! That really hurt!
You die...

#......# #......###### #.
+...........# #.#
################.####
#..##...#.......#.......#
#..Z...#.......#.#####.#
#......#.......#.#)(.#.# ###..
#......#.........#...#.. .....
#.e....@........[#...#). ...#e#
##.####'#.......##.###.## ....e.
#.....#.#####...#.#)..#.# ......
#.....#...#...##.##...##) ...##.
#.....#...#...#.#......)#
...##.#+#.....+...#.##.##.......#
...##...((.e..#...#.#)#...'###...
...#####......#...#.###......#...
...# #.....>#...#..........#...


You could see Duvessa and an adder skeleton.

Vanquished Creatures
  A hound (D:4)
  2 orc wizards
  3 gnolls (D:3)
  2 adders
  A worm (D:2)
  A dart slug (D:1)
  12 orcs
  8 ball pythons
  6 endoplasms
  3 giant cockroaches
  5 goblins
  4 hobgoblins
  7 quokkas
  7 bats
  5 frilled lizards
  5 kobolds
  7 rats
79 creatures vanquished.

Notes
Turn   | Place    | Note
-------+----------+-------------------------------------------
     0 | D:1      | bnorton916 the Deep Elf Conjurer began the quest for the
                  | Orb.
     0 | D:1      | Reached XP level 1. HP: 10/10 MP: 6/6
   412 | D:1      | Reached XP level 2. HP: 15/15 MP: 3/8
   668 | D:1      | Found a faded altar of an unknown god.
  1013 | D:2      | Reached skill level 5 in Conjurations
  1013 | D:2      | Reached XP level 3. HP: 19/19 MP: 3/10
  1202 | D:1      | Learned a level 2 spell: Searing Ray
  1577 | D:2      | Got the Reference Book on Curses and Companions
  1883 | D:3      | You fall into a shaft and drop 1 floor!
  1898 | D:4      | Found a shadowy altar of Dithmenos.
  1918 | D:4      | Noticed Dowan
  1920 | D:4      | Noticed Duvessa
  1978 | D:3      | Reached XP level 4. HP: 24/24 MP: 10/12
  2310 | D:3      | Found a sparkling altar of Nemelex Xobeh.
  2545 | D:3      | Reached skill level 5 in Spellcasting
  2844 | D:3      | Learned a level 4 spell: Fulminant Prism
  2849 | D:3      | Learned a level 4 spell: Iskenderun's Mystic Blast
  3236 | D:4      | Reached XP level 5. HP: 28/28 MP: 10/14
  3516 | D:4      | Reached skill level 1 in Hexes
  3516 | D:4      | Reached skill level 1 in Translocations
  3720 | D:4      | Killed from afar by Duvessa

Illustrated notes

Levels and vault maps discovered:
D:1:      tarquinn_simple_flora_water_c, layout_basic,
          ebering_ecumenical_altar_box, minmay_cut_off
D:2:      layout_basic, kennysheep_decorative_pillar
D:3:      layout_basic, nemelex_diamond_rough_becter
D:4:      layout_gridville, makhleb_altar_promises_db,
          worldfamousw_hep_ancestral_shrine,
          mainiacjoe_overflow_surrounded_room, grunt_dithmenos_smoke,
          minmay_vboxes, uniq_edmund, uniq_duvessa, uniq_sigmund

Skill      XL: |  1  2  3  4  5 |
---------------+----------------+-----
Spellcasting   | 4 5 |  5.3
Conjurations   | 5 |  5.8
Hexes          | 2 |  2.3
Translocations | 1 |  1.9
Dodging        | |  2.4
Stealth        | |  2.4

Action                   |  1- 3 |  4- 6 || total
-------------------------+-------+-------++-------
Melee: Short sword       |     4 |    12 ||    16
Throw: Dart              |       |     3 ||     3
 Cast: Magic Dart        |    81 |    41 ||   122
       Searing Ray       |     1 |     9 ||    10
Armor: Robe              |     5 |     2 ||     7
Dodge: Dodged            |    10 |    16 ||    26
Block: Buckler           |       |     3 ||     3
